 Dungeon Crawl Stone Soup version 0.24.1-8-ga250c9d538 (webtiles) character file.

Game seed: 5531675167925508624, levelgen mode: deterministic

17715 Amplified the Geomancer (level 11, 0/92 HPs)
             Began as a Demigod Earth Elementalist on Apr 27, 2020.
             Slain by a bullfrog (7 damage)
             ... on level 1 of the Lair of Beasts.
             The game lasted 00:31:32 (17884 turns).

Amplified the Geomancer (DgEE)                     Turns: 17884, Time: 00:31:33

Health: 0/92       AC:  8    Str: 24    XL:     11   Next: 94%
Magic:  26/26      EV: 16    Int: 21    God:
Gold:   687        SH:  0    Dex: 16    Spells: 6/24 levels left

rFire    + + .     SeeInvis +   g - +8 whip (elec)
rCold    . . .     Gourm    .   (no shield)
rNeg     . . .     Faith    .   c - +0 robe
rPois    +         Spirit   .   (no helmet)
rElec    .         Reflect  .   z - +2 cloak {rPois}
rCorr    .         Harm     .   (no gloves)
MR       +....     Clarity  +   s - +2 pair of boots
Stlth    ..........             n - amulet of rage
HPRegen  0.25/turn              L - ring of Deolamaf {rPois Str+4 Stlth-}
MPRegen  0.20/turn              t - ring of protection from fire

@: confused, mighty, berserk cooldown, very slightly contaminated, slowed, very
slow
A: see invisible, clarity, fire resistance 1, high mp 1, MP-powered wands
a: Evoke Berserk Rage


You were on level 1 of the Lair of Beasts.
You were hungry.

You visited 3 branches of the dungeon, and saw 15 of its levels.

You collected 885 gold pieces.
You spent 198 gold pieces at shops.

Inventory:

Hand Weapons
 g - a +8 whip of electrocution (weapon)
 D - the +8 arc blade {discharge, rElec}
   (You took it off a gnoll shaman on level 8 of the Dungeon)

   It insulates you from electricity.
Missiles
 b - 459 stones
 m - 6 silver javelins
 q - 23 poisoned darts (quivered)
 y - 4 throwing nets
 C - 7 atropa-tipped darts
Armour
 c - a +0 robe (worn)
 s - a +2 pair of boots (worn)
 z - a +2 cloak of poison resistance (worn)
Jewellery
 e - an uncursed amulet of magic regeneration
 i - an uncursed ring of positive energy
 k - an uncursed amulet of guardian spirit
 n - an amulet of rage (around neck)
 t - a ring of protection from fire (right hand)
 v - an uncursed amulet of regeneration
 L - the ring of Deolamaf (left hand) {rPois Str+4 Stlth-}
   (You found it on level 13 of the Dungeon)

   [ring of attention]

   It affects your strength (+4).
   It protects you from poison.
   It makes you less stealthy.
Wands
 l - a wand of flame (18)
 u - a wand of disintegration (27)
 w - a wand of iceblast (9)
 G - a wand of enslavement (10)
Scrolls
 f - 5 scrolls of teleportation
 r - 8 scrolls of remove curse
 A - 4 scrolls of enchant armour
 B - 3 scrolls of silence
 E - a scroll of torment
 F - 2 scrolls of amnesia
 I - a scroll of holy word
 J - a scroll of identify
 K - a scroll of magic mapping
Potions
 a - a potion of curing
 h - 5 potions of brilliance
 j - 2 potions of resistance
 p - 2 potions of flight
 x - a potion of agility
 H - a potion of might
Comestibles
 d - 12 rations
 o - a chunk of flesh


   Skills:
 * Level 7.5 Fighting
 * Level 7.4 Maces & Flails
 * Level 7.3 Throwing
 + Level 5.2 Armour
 + Level 5.7 Dodging
 - Level 1.7 Stealth
 * Level 7.4 Spellcasting
 - Level 0.8 Transmutations
 * Level 8.1 Earth Magic


You had 6 spell levels left.
You knew the following spells:

 Your Spells              Type           Power        Failure   Level  Hunger
b - Passwall              Tmut/Erth      ####....     1%          2    None
c - Stone Arrow           Conj/Erth      ###...       4%          3    None
d - Petrify               Tmut/Erth      ####....     13%         4    ###....
e - Lee's Rapid Deconstr  Erth           #####.....   9%          5    #####..
f - Force Lance           Conj/Tloc      #.......     63%         4    ###....

Your spell library contained the following spells:

 Spells                   Type           Power        Failure   Level  Hunger
 Sandblast                Erth           #####.       1%          1    None
 Magic Dart               Conj           #...         9%          1    None
 Sting                    Conj/Pois      #...         9%          1    None
 Blink                    Tloc           N/A          13%         2    None
 Call Imp                 Summ           #.......     13%         2    None
 Poisonous Vapours        Pois/Air       #.....       13%         2    None
 Searing Ray              Conj           #.....       13%         2    None
 Slow                     Hex            #.......     13%         2    None
 Conjure Flame            Conj/Fire      #.......     26%         3    None
 Dazzling Spray           Conj/Hex       #.....       26%         3    None
 Mephitic Cloud           Conj/Pois/Air  #.......     26%         3    None
 Recall                   Summ/Tloc      N/A          26%         3    None
 Borgnjor's Vile Clutch   Necr/Erth      ###.......   41%         5    #####..
 Animate Dead             Necr           N/A          63%         4    ###....
 Fulminant Prism          Conj/Hex       #.........   63%         4    ###....
 Iskenderun's Mystic Bla  Conj           #.......     63%         4    ###....
 Olgreb's Toxic Radiance  Pois           #.......     63%         4    ###....
 Venom Bolt               Conj/Pois      #.........   93%         5    #####..
 Death Channel            Necr           #.........   100%        6    ######.
 Simulacrum               Ice/Necr       #.........   100%        6    ######.


Dungeon Overview and Level Annotations

Branches:
Dungeon (13/15)            Temple (0/1) D:6            Lair (1/6) D:10
    Orc (1/2) D:12
 Vaults: D:13-14

Shops:
D:5 [


Innate Abilities, Weirdness & Mutations

You have an increased reservoir of magic. (+10% MP)
You have supernaturally acute eyesight. (SInv)
You possess an exceptional clarity of mind.
Your flesh is heat resistant. (rF+)
You expend magic power (3 MP) to strengthen your wands.


Message History

* * * LOW HITPOINT WARNING * * *
The bullfrog barely misses you. The bullfrog completely misses you.
The bullfrog hits you but does no damage.
The bullfrog misses you.
You feel very mighty all of a sudden. The bullfrog completely misses you.
The bullfrog hits you.
* * * LOW HITPOINT WARNING * * *
The bullfrog closely misses you. x3
The bullfrog hits you but does no damage.
Unknown command.
Okay, then.
You are confused.
You feel invigorated.
The bullfrog hits you but does no damage.
The bullfrog hits you!
* * * LOW HITPOINT WARNING * * *
The bullfrog hits you.
* * * LOW HITPOINT WARNING * * *
The bullfrog hits you!
You die...

##..#####..######...
....# #...# #...
...# ##..## ...#
#..####...# #..#
#.........## #..#
###..........# ..P
.#####.#..##.##..##
........FF####...##
........F@#####.>P#
..........#.#.#.รท##
.................##
..................#
.................##
.................#
.................#
.................#
.................#


You could see 3 bullfrogs.

Vanquished Creatures
  Harold (D:7)
  A hydra (D:10)
  3 two-headed ogres
  A manticore (D:11)
  2 ugly things
  Maurice (D:11)
  A gargoyle (D:13)
  Psyche (D:12)
  A komodo dragon (Lair:1)
  2 hippogriffs
  2 slime creatures (D:13)
  Sigmund (D:4)
  A shadow (D:11)
  2 wyverns
  13 yaks
  A basilisk (D:10)
  A human (D:10)
  4 hogs (D:10)
  3 hungry ghosts
  A steam dragon (D:11)
  A warg (D:12)
  2 water moccasins
  3 porcupines (D:10)
  8 orc warriors
  A swamp drake (D:12)
  3 ice beasts
  A black bear (D:9)
  4 sky beasts
  2 phantoms
  An eye of draining (D:10)
  9 centaurs
  4 ogres
  A big kobold (D:11)
  4 crocodiles
  Blork the orc (D:4)
  A gnoll sergeant (D:6)
  6 bullfrogs
  A wyvern skeleton (D:10)
  4 scorpions
  14 wights (D:12)
  A howler monkey (D:6)
  A centaur zombie (D:10)
  10 crimson imps
  A bullfrog zombie (D:6)
  5 jellies
  5 hounds
  7 orc priests
  2 centaur skeletons
  A bullfrog skeleton (D:11)
  11 orc wizards
  A gnoll shaman (D:8)
  Terence (D:3)
  Natasha (twice) (D:2)
  5 iguanas
  6 worker ants
  2 hound skeletons
  15 adders
  10 gnolls
  2 shadow imps
  An ooze (D:2)
  2 adder skeletons
  3 worms
  5 dart slugs
  7 leopard geckos
  63 orcs
  2 giant cockroaches
  6 goblins
  7 hobgoblins
  5 jackals
  10 kobolds
  7 quokkas
  6 bats
  2 frilled lizards
  A jackal zombie (D:6)
  A leopard gecko skeleton (D:6)
  A leopard gecko zombie (D:5)
  12 rats
343 creatures vanquished.

Vanquished Creatures (others)
  An orc (D:12)
  4 fungi (D:10)
  19 plants (D:10)
24 creatures vanquished.

Grand Total: 367 creatures vanquished

Notes
Turn   | Place    | Note
-------+----------+-------------------------------------------
     0 | D:1      | Amplified the Demigod Earth Elementalist began the quest
                  | for the Orb.
     0 | D:1      | Reached XP level 1. HP: 14/14 MP: 5/5
   364 | D:1      | Reached XP level 2. HP: 19/22 MP: 5/7
   868 | D:2      | Reached XP level 3. HP: 20/27 MP: 5/8
   900 | D:2      | Reached skill level 3 in Earth Magic
   946 | D:2      | Reached skill level 1 in Fighting
   946 | D:2      | Reached skill level 1 in Maces & Flails
  1096 | D:2      | Found a shattered altar of Ashenzari.
  1332 | D:2      | Found a hide-covered altar of Uskayaw.
  1386 | D:2      | Noticed Natasha
  1494 | D:2      | Killed Natasha
  1494 | D:2      | Reached skill level 1 in Armour
  1494 | D:2      | Reached XP level 4. HP: 35/35 MP: 8/10
  1503 | D:2      | Noticed a centaur
  1510 | D:2      | Killed a centaur
  1510 | D:2      | Reached skill level 1 in Throwing
  1510 | D:2      | Reached XP level 5. HP: 9/41 MP: 11/11
  1772 | D:2      | Found a sacrificial altar of Ru.
  2385 | D:2      | Noticed Natasha
  2400 | D:2      | Killed Natasha
  2852 | D:3      | Learned a level 2 spell: Passwall
  2856 | D:3      | Learned a level 3 spell: Stone Arrow
  2934 | D:3      | Found a shimmering blue altar of Sif Muna.
  3308 | D:3      | Noticed Terence
  3417 | D:4      | Found a stormy altar of Qazlal.
  3433 | D:4      | Reached XP level 6. HP: 30/48 MP: 12/12
  3676 | D:4      | Learned a level 4 spell: Petrify
  3864 | D:4      | Found a basalt altar of Yredelemnul.
  3888 | D:4      | Noticed Sigmund
  3914 | D:4      | Killed Sigmund
  4264 | D:4      | Found a shimmering altar of Xom.
  4265 | D:4      | Found an iron altar of Okawaru.
  4268 | D:4      | Found an ornate altar of the Wu Jian Council.
  4890 | D:3      | Killed Terence
  5077 | D:5      | Entered Level 5 of the Dungeon
  5081 | D:5      | Found a glowing golden altar of the Shining One.
  5094 | D:5      | Reached XP level 7. HP: 53/56 MP: 14/14
  5102 | D:5      | Noticed Blork the orc
  5125 | D:4      | Killed Blork the orc
  5125 | D:4      | Reached skill level 4 in Earth Magic
  5596 | D:5      | Found an ancient bone altar of Kikubaaqudgha.
  5596 | D:5      | Found a bloodstained altar of Trog.
  5597 | D:5      | Found a blossoming altar of Fedhas.
  5694 | D:5      | Found a shadowy altar of Dithmenos.
  5694 | D:5      | Found a white marble altar of Elyvilon.
  5771 | D:5      | Found Agraa's Armour Shoppe.
  5799 | D:5      | Bought a +2 pair of boots for 198 gold pieces
  6954 | D:6      | Reached XP level 8. HP: 44/63 MP: 12/16
  7343 | D:6      | Found a staircase to the Ecumenical Temple.
  7963 | D:7      | Noticed Harold
  8046 | D:7      | Killed Harold
  8046 | D:7      | Reached skill level 5 in Earth Magic
  8166 | D:7      | Found a glowing silver altar of Zin.
  8256 | D:7      | Reached XP level 9. HP: 54/72 MP: 19/19
  9051 | D:8      | Reached skill level 5 in Spellcasting
  9639 | D:9      | Learned a level 5 spell: Lee's Rapid Deconstruction
  9679 | D:9      | Reached skill level 5 in Maces & Flails
  9723 | D:9      | Reached skill level 5 in Fighting
  9749 | D:9      | Reached skill level 6 in Earth Magic
  9952 | D:9      | Reached skill level 5 in Throwing
 10003 | D:9      | Noticed a two-headed ogre
 10025 | D:10     | Entered Level 10 of the Dungeon
 10369 | D:10     | Reached XP level 10. HP: 49/81 MP: 22/22
 11121 | D:10     | Found a staircase to the Lair.
 11152 | D:10     | Noticed an eight-headed hydra
 11870 | D:11     | Noticed a manticore
 11879 | D:11     | Killed a manticore
 12224 | D:11     | Noticed Maurice
 12229 | D:11     | Gained mutation: You expend magic power (3 MP) to
                  | strengthen your wands. [potion of mutation]
 12229 | D:11     | Gained mutation: You possess an exceptional clarity of
                  | mind. [potion of mutation]
 12229 | D:11     | Gained mutation: You have supernaturally acute eyesight.
                  | (SInv) [potion of mutation]
 12229 | D:11     | Gained mutation: Your flesh is heat resistant. (rF+)
                  | [potion of mutation]
 12242 | D:11     | Killed Maurice
 12242 | D:11     | Reached skill level 7 in Earth Magic
 12605 | D:11     | Learned a level 4 spell: Force Lance
 12693 | D:12     | Noticed a brown ugly thing
 12715 | D:12     | Noticed a white ugly thing
 13026 | D:10     | Reached skill level 5 in Dodging
 13617 | D:10     | Killed an eight-headed hydra
 13617 | D:10     | Reached XP level 11. HP: 33/91 MP: 14/24
 14174 | D:12     | Noticed a two-headed ogre
 14184 | D:12     | Killed a two-headed ogre
 14192 | D:12     | Noticed a two-headed ogre
 14420 | D:12     | Noticed Psyche
 14432 | D:12     | Killed Psyche
 14504 | D:12     | Found a staircase to the Orcish Mines.
 14858 | D:11     | Killed a two-headed ogre
 15814 | D:12     | Noticed a two-headed ogre
 15825 | D:12     | Killed a two-headed ogre
 15825 | D:12     | Reached skill level 5 in Armour
 16357 | D:13     | Reached skill level 8 in Earth Magic
 16952 | D:13     | Got a flickering steel ring
 17126 | D:13     | Identified the ring of Deolamaf {rPois Str+4 Stlth-} (You
                  | found it on level 13 of the Dungeon)
 17215 | Orc:1    | Entered Level 1 of the Orcish Mines
 17572 | Lair:1   | Entered Level 1 of the Lair of Beasts
 17884 | Lair:1   | Slain by a bullfrog

Levels and vault maps discovered:
D:1:      saegor_arrival_simple_c, layout_loops_ring,
          minmay_misc_feat_secret_circle
D:2:      layout_loops_ring, lemuel_coloured_pillars_altar, lemuel_round_altar,
          nicolae_ru_the_path_less_chosen, chequers_serial_rivers_small_3,
          uniq_natasha
D:3:      layout_loops_ring, nicolae_overflow_crystal_walls, first_ration,
          uniq_terence
D:4:      layout_loops_ring, kennysheep_mini, minitemple, old_standard_altar,
          uniq_sigmund
D:5:      layout_loops_cross, tso_metal_star,
          chequers_temple_overflow_statue_of_worship,
          gammafunk_temple_overflow_pools, serial_shops, shop,
          grunt_decor_resistance, uniq_blork_the_orc
D:6:      layout_layer_cave, minmay_temple_entry_enclosed_plants
D:7:      layout_rooms, lemuel_round_altar, uniq_harold
D:8:      layout_basic
D:9:      layout_roguey
D:10:     layout_roguey, minmay_lair_entry_grove, grunt_livestock
D:11:     layout_roguey, uniq_maurice
D:12:     layout_small_grid, erik_orc_1, minmay_misc_feat_nine_boxes,
          uniq_psyche
D:13:     minmay_weird_star, layout_basic
Lair:1:   layout_small_grid
Orc:1:    layout_caves

Skill      XL: |  1  2  3  4  5  6  7  8  9 10 11 |
---------------+----------------------------------+-----
Dodging        | 2 3 4 5 |  5.7
Spellcasting   | 2 3 4 5 6 7 |  7.4
Earth Magic    | 3 4 5 6 7 8 |  8.1
Fighting       | 1 2 3 4 5 6 7 |  7.5
Maces & Flails | 1 2 3 4 5 6 7 |  7.4
Armour         | 1 2 3 4 5 |  5.2
Throwing       | 1 2 3 4 5 6 7 |  7.3
Stealth        | |  1.7
Transmutations | |  0.8

Action                   |  1- 3 |  4- 6 |  7- 9 | 10-12 || total
-------------------------+-------+-------+-------+-------++-------
Melee: Whip              |    84 |   159 |   374 |   516 ||  1133
Throw: Dart              |       |       |     1 |       ||     1
 Cast: Sandblast         |    26 |     7 |       |       ||    33
       Stone Arrow       |       |     3 |    13 |    17 ||    33
       Lee's Rapid Decon |       |       |     1 |    10 ||    11
       Passwall          |       |       |       |     6 ||     6
       Petrify           |       |       |       |     1 ||     1
 Abil: Evoke Berserk Rag |     1 |     2 |     3 |    17 ||    23
Evoke: Wand              |       |       |     3 |     3 ||     6
  Use: Scroll            |     6 |     5 |    17 |    15 ||    43
       Potion            |     1 |     8 |     2 |    13 ||    24
 Stab: Sleeping          |     6 |     2 |     7 |     1 ||    16
       Distracted        |       |     1 |       |       ||     1
  Eat: Chunk             |     2 |    11 |    15 |    18 ||    46
       Ration            |       |     1 |     3 |     8 ||    12
Armor: Robe              |    18 |     8 |    80 |   109 ||   215
       Skin              |       |     5 |       |       ||     5
Dodge: Dodged            |    69 |    94 |   209 |   377 ||   749
